 Dungeon Crawl Stone Soup version 0.30.1-3-gfc49f6343a (webtiles) character file.

Game seed: 10347967781495499853

201 Wiggles the Chopper (level 5, -2/47 HPs)
             Began as a Minotaur Berserker on July 25, 2023.
             Was a Believer of Trog.
             Slain by Sigmund
             ... wielding a +0 scythe of protection
              (6 damage)
             ... on level 4 of the Dungeon.
             The game lasted 00:04:47 (2451 turns).

Wiggles the Chopper (Minotaur Berserker)            Turns: 2451, Time: 00:04:47

Health: -2/47      AC:  9    Str: 23    XL:     5   Next: 50%
Magic:  4/4        EV: 11    Int:  4    God:    Trog [**....]
Gold:   105        SH:  0    Dex: 10    Spells: 4/4 levels left

rFire   . . .        a - +0 hand axe
rCold   . . .        (no shield)
rNeg    . . .        q - +3 ring mail
rPois   .            v - +1 hat
rElec   .            (no cloak)
rCorr   .            (no gloves)
SInv    +            (no boots)
Will    .....        (no amulet)
Stlth   +            j - ring of see invisible
HPRegen 0.27/turn    (no ring)
MPRegen 0.09/turn

%: no passive effects
@: on berserk cooldown, slowed, very slow
A: horns 2, retaliatory headbutt
a: Renounce Religion, Berserk, Trog's Hand


You were on level 4 of the Dungeon.
You worshipped Trog.
Trog was pleased with you.
You visited 1 branch of the dungeon, and saw 4 of its levels.

You collected 105 gold pieces.

Inventory:

Hand Weapons
 a - a +0 hand axe (weapon)
Missiles
 h - a throwing net (quivered)
Armour
 q - a +3 ring mail (worn)
 v - a +1 hat (worn)
Jewellery
 j - a ring of see invisible (left hand)
Scrolls
 c - 2 scrolls of blinking {unknown}
 d - 3 scrolls of teleportation {unknown}
 e - 7 scrolls of identify {unknown}
 f - a scroll of amnesia {unknown}
 g - a scroll of fog {unknown}
 m - a scroll of noise {unknown}
 n - 2 scrolls of enchant weapon {unknown}
 t - a scroll of silence {unknown}
 u - 2 scrolls of magic mapping {unknown}
Potions
 b - a potion of magic {unknown}
 i - 3 potions of curing {unknown}
 k - a potion of lignification {unknown}
 l - a potion of heal wounds {unknown}
 o - 2 potions of degeneration {unknown}
 p - 3 potions of attraction {unknown}
 r - a potion of berserk rage {unknown}
 s - 2 potions of cancellation {unknown}
 w - a potion of flight {unknown}
 x - a potion of resistance {unknown}
 z - a potion of brilliance {unknown}


   Skills:
 + Level 4.7 Fighting
 + Level 5.7 Axes
 + Level 3.2 Armour
 + Level 3.3 Dodging
 + Level 0.2 Stealth


You had 4 spell levels left.
You didn't know any spells.
Your spell library was empty.

Dungeon Overview and Level Annotations

Branches:
Dungeon (4/15)
 Temple: D:4-7

Altars:
Qazlal

Shops:
D:2 [

Annotations:
D:3 2 transporters, suzumiya's ghost, amateur HuHu
D:4 Natasha; Sigmund


Innate Abilities, Weirdness & Mutations

You have a pair of horns on your head.
You reflexively headbutt those who attack you in melee.


Message History

You feel a strong urge to attack something.
Sigmund mumbles some strange words.
Sigmund flickers and vanishes for a moment.
You bump into the rock wall.
You are no longer berserk.
You are exhausted.
You feel yourself slow down. The orc wizard completely misses you.
You bump into the rock wall.
Natasha, Servant of Life and Death comes into view.
Sigmund misses you.
The orc wizard gestures at you while chanting.
You resist with some effort.
Natasha moves out of view.
You're too confused to move!
The orc wizard misses you.
Sigmund hits you from afar with a +0 scythe of protection!
* * * LOW HITPOINT WARNING * * *
The orc wizard gestures at you while chanting.
The puff of flame misses you.
You bump into the rock wall.
Natasha hisses angrily.
Sigmund misses you. The orc wizard misses you.
Natasha stares at you and mumbles some strange words.
You feel as though you will be slow longer.
You barely miss the orc wizard.
You feel less confused.
The orc wizard gestures at you while chanting.
You resist with some effort. Sigmund closely misses you.
The orc wizard casts a spell at you. You resist with some effort.
You hit the orc wizard but do no damage.
Sigmund hits you from afar with a +0 scythe of protection.
* * * LOW HITPOINT WARNING * * *
The orc priest calls down the wrath of Beogh upon you.
Sigmund writhes in agony.
The orc wizard closely misses you. Natasha barely misses you.
You furiously retaliate!
You headbutt Natasha! You slash the orc wizard!
The orc wizard is heavily wounded.
You barely miss Natasha. The orc wizard barely misses you. Natasha claws you.
* * * LOW HITPOINT WARNING * * *
Sigmund hits you from afar with a +0 scythe of protection.
You die...

#######
#.....######...
#....)h@o@oo.#
#<....########
#.....# #.....#
#.>...# #####.#
#.# ... #.#


You could see Sigmund (invisible), an orc priest, an orc wizard (invisible),
Natasha and an orc.

Vanquished Creatures
  An orc priest (D:4)
  Natasha (D:4)
  An orc wizard (D:4)
  4 adders
  A dart slug (D:2)
  9 ball pythons
  5 bats
  9 endoplasms
  4 giant cockroaches
  2 goblins
  7 hobgoblins
  12 jackals
  6 quokkas
  6 kobolds
  6 rats
74 creatures vanquished.

Notes
Turn   | Place    | Note
-------+----------+-------------------------------------------
     0 | D:1      | Wiggles the Minotaur Berserker began the quest for the Orb.
     0 | D:1      | Reached XP level 1. HP: 19/19 MP: 0/0
   191 | D:1      | Reached XP level 2. HP: 27/27 MP: 1/1
   254 | D:1      | Reached skill level 4 in Axes
   273 | D:1      | Found a faded altar of an unknown god.
   396 | D:1      | Reached ** piety under Trog
   410 | D:1      | Reached XP level 3. HP: 32/33 MP: 2/2
  1311 | D:2      | Reached XP level 4. HP: 29/41 MP: 3/3
  1379 | D:2      | Found Labo's Antique Armour Emporium.
  1588 | D:2      | Reached skill level 5 in Axes
  1995 | D:3      | Found a transporter.
  2091 | D:3      | Noticed suzumiya's ghost (amateur HuHu)
  2203 | D:3      | Found a stormy altar of Qazlal.
  2385 | D:3      | Found a transporter.
  2415 | D:4      | Noticed Natasha
  2427 | D:4      | Killed Natasha
  2428 | D:4      | Reached XP level 5. HP: 33/47 MP: 4/4
  2436 | D:4      | Noticed Sigmund
  2446 | D:4      | Noticed Natasha
  2451 | D:4      | Slain by Sigmund

Illustrated notes

Levels and vault maps discovered:
D:1:      shiori_arrival_maze, layout_basic, basic_ecumenical_altar
D:2:      layout_loops_cross, serial_shops, shop_statue, serial_bayou,
          serial_bayou_ford_a, serial_bayou_shore_b, serial_bayou_pond_d,
          serial_bayou_pond_e, serial_park_tiny_1, kennysheep_another_room
D:3:      layout_basic, mainiacjoe_overflow_boulevard,
          gammafunk_ghost_stat_death
D:4:      layout_rooms, lightli_sewer_entry_pipes, uniq_natasha, uniq_sigmund

Skill      XL: |  1  2  3  4 |
---------------+-------------+-----
Fighting       | 4 |  4.7
Axes           | 4 5 |  5.7
Armour         | 3 |  3.2
Dodging        | 3 |  3.3
Stealth        | |  0.2

Action                     |  1- 3 |  4- 6 || total
---------------------------+-------+-------++-------
  Melee: Hand axe          |    80 |    76 ||   156
         Headbutt          |     9 |     9 ||    18
 Invoke: Berserk           |       |     1 ||     1
 Armour: Animal skin       |     7 |       ||     7
         Ring mail         |    11 |    32 ||    43
  Dodge: Dodged            |    60 |    50 ||   110
